General information
- name: BNet
- type: Ladder team game (AT/RT)
- host: Battle.net
- saver: lildrummerboy
map: Mur'gulOasis
- players: 8
- length: 56:38
- speed: Fast
- version: 1.27 W3XP
- replay type: Public
» download(266 KB)
Players
team 1 (loser)

»
AFKSmokingBONG (
purple | 47 APM | 811 actions | 17:13)
3 Demon Hunter
2 Mana Burn
1 Evasion
2 Keeper of the Grove
1 Entangling Roots
1 Thorns Aura
» actions
| Basic commands | 1 | |
| Build / train | 69 | |
| Enter build submenu | 23 | |
| Enter hero's abilities submenu | 5 | |
| Give item / drop item | 1 | |
| Remove unit from queue | 1 | |
| Right click | 430 | |
| Select / deselect | 222 | |
| Use ability | 59 | |
811 total
» units
| Wisp | 14 | |
| Huntress | 6 | |
| Hippogryph | 23 | |
| Chimaera | 3 | |
| Dryad | 5 | |
51 total
» upgrades
| Strength of the Wild | 2 | |
| Reinforced Hides | 1 | |
| Corrosive Breath | 1 | |
4 total
» buildings
| Altar of Elders | 1 | |
| Moon Well | 9 | |
| Hunter's Hall | 1 | |
| Ancient of War | 1 | |
| Ancient of Wonders | 2 | |
| Tree of Ages | 2 | |
| Ancient Protector | 1 | |
| Tree of Eternity | 1 | |
| Ancient of Wind | 2 | |
| Chimaera Roost | 3 | |
| Ancient of Lore | 1 | |
24 total
» build order
00:23 Altar of Elders
00:35 Moon Well
01:36 Hunter's Hall
01:53 Ancient of War
02:07 Moon Well
02:25 Ancient of Wonders
02:46 Moon Well
02:57 Ancient of Wonders
03:34 Tree of Ages
03:35 Tree of Ages
04:31 Ancient Protector
04:43 Moon Well
05:59 Tree of Eternity
06:02 Ancient of Wind
06:50 Moon Well
08:23 Chimaera Roost
08:27 Chimaera Roost
08:31 Chimaera Roost
09:12 Moon Well
09:40 Ancient of Lore
12:13 Moon Well
13:33 Ancient of Wind
13:56 Moon Well
16:43 Moon Well
» items
MakeaclownoutaU (
orange | 61 APM | 3444 actions | 56:37)
7 Death Knight
3 Death Coil
3 Unholy Aura
1 Animate Dead
6 Lich
3 Frost Nova
2 Frost Armor
1 Death and Decay
1 Demon Hunter
1 Evasion
» actions
| Assign group hotkey | 53 | |
| Basic commands | 64 | |
| Build / train | 143 | |
| ESC pressed | 1 | |
| Enter build submenu | 37 | |
| Enter hero's abilities submenu | 15 | |
| Give item / drop item | 3 | |
| Right click | 1445 | |
| Select / deselect | 510 | |
| Select group hotkey | 920 | |
| Use ability | 253 | |
3444 total
» units
| Acolyte | 13 | |
| Ghoul | 3 | |
| Crypt Fiend | 18 | |
| Obsidian Statue | 7 | |
| Abomination | 2 | |
| Frost Wyrm | 5 | |
48 total
» upgrades
| Creature Attack | 3 | |
| Creature Carapace | 3 | |
| Burrow | 1 | |
| Web | 1 | |
| Unholy Armor | 3 | |
| Disease Cloud | 1 | |
| Destroyer Form | 1 | |
| Unholy Strength | 3 | |
| Freezing Breath | 1 | |
17 total
» buildings
| Graveyard | 1 | |
| Crypt | 1 | |
| Altar of Darkness | 1 | |
| Ziggurat | 16 | |
| Tomb of Relics | 2 | |
| Halls of the Dead | 5 | |
| Black Citadel | 6 | |
| Slaughterhouse | 1 | |
| Nerubian Tower | 6 | |
| Spirit Tower | 19 | |
| Necropolis | 2 | |
| Sacrificial Pit | 1 | |
| Boneyard | 3 | |
64 total
» build order
00:11 Graveyard
00:13 Crypt
00:19 Altar of Darkness
00:49 Ziggurat
01:32 Tomb of Relics
01:54 Ziggurat
03:39 Halls of the Dead
03:39 Halls of the Dead
03:39 Halls of the Dead
05:12 Ziggurat
06:38 Ziggurat
09:14 Black Citadel
09:15 Black Citadel
09:15 Black Citadel
09:15 Black Citadel
09:20 Slaughterhouse
10:40 Nerubian Tower
10:41 Spirit Tower
15:12 Necropolis
17:41 Ziggurat
17:44 Ziggurat
17:46 Ziggurat
17:46 Ziggurat
17:52 Sacrificial Pit
18:47 Spirit Tower
18:47 Spirit Tower
18:48 Spirit Tower
19:50 Ziggurat
19:51 Ziggurat
19:55 Ziggurat
19:58 Ziggurat
20:02 Boneyard
20:08 Boneyard
20:11 Boneyard
20:38 Tomb of Relics
20:43 Spirit Tower
20:43 Spirit Tower
20:43 Spirit Tower
20:45 Spirit Tower
20:45 Spirit Tower
20:46 Spirit Tower
20:47 Nerubian Tower
20:47 Nerubian Tower
20:52 Spirit Tower
20:52 Spirit Tower
21:18 Necropolis
25:12 Ziggurat
25:13 Ziggurat
25:14 Ziggurat
25:15 Ziggurat
26:10 Nerubian Tower
26:11 Spirit Tower
26:14 Spirit Tower
26:20 Spirit Tower
» items
| Rod of Necromancy | 4 | |
| Sacrificial Skull | 2 | |
| Periapt of Vitality | 2 | |
| Scroll of Town Portal | 3 | |
| Potion of Healing | 1 | |
| Potion of Lesser Invulnerability | 1 | |
| Orb of Corruption | 1 | |
| Circlet of Nobility | 1 | |
15 total
Jewhaus (
yellow | 63 APM | 1524 actions | 24:10)
4 Blademaster
2 Wind Walk
2 Critical Strike
3 Shadow Hunter
1 Hex
2 Healing Wave
» actions
| Assign group hotkey | 7 | |
| Build / train | 99 | |
| Enter build submenu | 24 | |
| Enter hero's abilities submenu | 7 | |
| Right click | 873 | |
| Select / deselect | 317 | |
| Select group hotkey | 51 | |
| Use ability | 146 | |
1524 total
» units
» upgrades
| Melee Weapons | 2 | |
| Armor | 2 | |
| Berserker Strength | 1 | |
| Ensnare | 1 | |
| Pillage | 1 | |
7 total
» buildings
| Altar of Storms | 1 | |
| Orc Burrow | 10 | |
| Barracks | 1 | |
| Voodoo Lounge | 1 | |
| War Mill | 1 | |
| Stronghold | 3 | |
| Beastiary | 1 | |
| Fortress | 2 | |
| Watch Tower | 7 | |
27 total
» build order
00:13 Altar of Storms
00:21 Orc Burrow
00:28 Barracks
01:43 Orc Burrow
01:55 Voodoo Lounge
04:04 War Mill
04:31 Stronghold
04:32 Stronghold
04:55 Orc Burrow
06:57 Beastiary
07:25 Orc Burrow
09:02 Orc Burrow
12:19 Fortress
12:19 Fortress
15:36 Orc Burrow
16:43 Watch Tower
16:47 Watch Tower
16:50 Watch Tower
16:53 Watch Tower
17:47 Watch Tower
17:55 Watch Tower
18:17 Watch Tower
20:01 Orc Burrow
20:04 Orc Burrow
21:02 Orc Burrow
23:48 Orc Burrow
» items
| Lesser Clarity Potion | 5 | |
| Circlet of Nobility | 1 | |
| Healing Salve | 3 | |
| Scroll of Speed | 1 | |
| Potion of Healing | 1 | |
| Potion of Mana | 1 | |
12 total

»
Timothy97 (
green | 36 APM | 488 actions | 13:35)
2 Demon Hunter
1 Mana Burn
1 Evasion
» actions
| Build / train | 34 | |
| Enter build submenu | 19 | |
| Enter hero's abilities submenu | 2 | |
| Remove unit from queue | 1 | |
| Right click | 245 | |
| Select / deselect | 162 | |
| Use ability | 25 | |
488 total
» units
| Wisp | 11 | |
| Archer | 10 | |
| Hippogryph | 4 | |
25 total
» upgrades
| Hippogryph Taming | 1 | |
| Strength of the Moon | 2 | |
3 total
» buildings
| Altar of Elders | 1 | |
| Moon Well | 6 | |
| Ancient of War | 1 | |
| Tree of Ages | 1 | |
| Ancient of Wonders | 1 | |
| Hunter's Hall | 1 | |
| Ancient of Wind | 2 | |
| Ancient Protector | 1 | |
14 total
» build order
00:12 Altar of Elders
00:19 Moon Well
00:28 Ancient of War
01:47 Moon Well
04:24 Tree of Ages
04:32 Ancient of Wonders
05:10 Hunter's Hall
05:31 Moon Well
07:23 Ancient of Wind
07:32 Moon Well
09:25 Ancient Protector
09:36 Ancient of Wind
09:50 Moon Well
12:18 Moon Well
» items
team 2 (winner)

»
netsss (
blue | 54 APM | 1173 actions | 21:52)
5 Keeper of the Grove
3 Entangling Roots
2 Thorns Aura
3 Priestess of the Moon
2 Trueshot Aura
1 Searing Arrows
» actions
| Assign group hotkey | 28 | |
| Basic commands | 38 | |
| Build / train | 59 | |
| ESC pressed | 1 | |
| Enter build submenu | 17 | |
| Enter hero's abilities submenu | 9 | |
| Right click | 481 | |
| Select / deselect | 311 | |
| Select group hotkey | 146 | |
| Use ability | 83 | |
1173 total
» units
| Wisp | 19 | |
| Archer | 8 | |
| Hippogryph | 6 | |
| Chimaera | 4 | |
37 total
» upgrades
| Corrosive Breath | 1 | |
| Ultravision | 1 | |
| Well Spring | 1 | |
3 total
» buildings
| Altar of Elders | 1 | |
| Moon Well | 4 | |
| Ancient of War | 1 | |
| Tree of Ages | 1 | |
| Hunter's Hall | 2 | |
| Ancient of Wonders | 1 | |
| Tree of Eternity | 1 | |
| Ancient of Wind | 1 | |
| Chimaera Roost | 2 | |
14 total
» build order
00:10 Altar of Elders
00:12 Moon Well
00:47 Ancient of War
01:32 Moon Well
02:54 Tree of Ages
02:57 Hunter's Hall
04:57 Moon Well
05:24 Moon Well
05:59 Ancient of Wonders
06:06 Tree of Eternity
06:49 Ancient of Wind
09:29 Chimaera Roost
11:11 Chimaera Roost
12:23 Hunter's Hall
» items
| Lesser Clarity Potion | 1 | |
| Staff of Preservation | 1 | |
| Potion of Healing | 1 | |
| Scroll of Town Portal | 2 | |
| Potion of Lesser Invulnerability | 1 | |
| Circlet of Nobility | 1 | |
7 total
lildrummerboy (
pink | 36 APM | 2030 actions | 56:38)
10 Archmage
3 Summon Water Elemental
3 Brilliance Aura
1 Mass Teleport
3 Blizzard
» actions
| Assign group hotkey | 60 | |
| Basic commands | 205 | |
| Build / train | 82 | |
| Enter build submenu | 55 | |
| Enter hero's abilities submenu | 10 | |
| Give item / drop item | 11 | |
| Right click | 708 | |
| Select / deselect | 405 | |
| Select group hotkey | 256 | |
| Use ability | 238 | |
2030 total
» units
| Peasant | 13 | |
| Footman | 4 | |
| Gryphon Rider | 9 | |
26 total
» upgrades
| Lumber Harvesting | 2 | |
| Masonry | 3 | |
| Swords | 3 | |
| Storm Hammers | 1 | |
| Armor | 3 | |
| Animal War Training | 1 | |
| Cloud | 1 | |
14 total
» buildings
| Altar of Kings | 1 | |
| Barracks | 1 | |
| Farm | 7 | |
| Scout Tower | 35 | |
| Arcane Tower | 1 | |
| Keep | 1 | |
| Arcane Vault | 2 | |
| Lumber Mill | 1 | |
| Gryphon Aviary | 6 | |
| Castle | 1 | |
| Blacksmith | 2 | |
| Guard Tower | 10 | |
| Town Hall | 5 | |
73 total
» build order
00:40 Altar of Kings
00:51 Barracks
00:54 Farm
00:55 Farm
01:06 Farm
01:40 Farm
02:03 Scout Tower
02:34 Arcane Tower
03:30 Keep
04:22 Arcane Vault
04:26 Lumber Mill
06:11 Gryphon Aviary
06:11 Gryphon Aviary
06:12 Gryphon Aviary
06:13 Gryphon Aviary
06:23 Castle
06:51 Gryphon Aviary
06:57 Farm
06:58 Farm
07:39 Blacksmith
07:40 Blacksmith
07:42 Scout Tower
07:43 Scout Tower
07:46 Scout Tower
08:53 Guard Tower
10:06 Farm
14:49 Town Hall
14:50 Scout Tower
14:51 Scout Tower
14:51 Scout Tower
14:51 Scout Tower
15:05 Scout Tower
15:12 Scout Tower
15:12 Scout Tower
15:13 Scout Tower
15:14 Scout Tower
15:15 Arcane Vault
15:21 Scout Tower
15:22 Scout Tower
15:22 Scout Tower
15:25 Guard Tower
15:42 Guard Tower
16:03 Guard Tower
16:45 Guard Tower
17:54 Guard Tower
20:29 Scout Tower
20:30 Scout Tower
20:30 Scout Tower
20:31 Scout Tower
20:33 Scout Tower
20:34 Scout Tower
20:35 Scout Tower
20:36 Scout Tower
20:37 Scout Tower
20:38 Scout Tower
20:38 Scout Tower
20:40 Scout Tower
20:40 Scout Tower
20:42 Scout Tower
20:43 Scout Tower
20:50 Gryphon Aviary
21:21 Guard Tower
22:14 Guard Tower
23:22 Scout Tower
23:22 Scout Tower
23:22 Scout Tower
23:23 Scout Tower
24:00 Guard Tower
26:05 Guard Tower
26:41 Town Hall
28:28 Town Hall
36:48 Town Hall
47:46 Town Hall
» items
| Scroll of Regeneration | 5 | |
| Mechanical Critter | 5 | |
| Scroll of Town Portal | 3 | |
| Potion of Healing | 1 | |
| Staff of Sanctuary | 1 | |
| Lesser Clarity Potion | 1 | |
| Staff of Teleportation | 1 | |
17 total

»
Eddieboy (
teal | 30 APM | 1694 actions | 56:37)
3 Blood Mage
1 Banish
2 Siphon Mana
2 Firelord
1 Soul Burn
1 Summon Lava Spawn
» actions
| Basic commands | 1 | |
| Build / train | 63 | |
| ESC pressed | 1 | |
| Enter build submenu | 23 | |
| Enter hero's abilities submenu | 6 | |
| Give item / drop item | 2 | |
| Remove unit from queue | 2 | |
| Right click | 1124 | |
| Select / deselect | 349 | |
| Use ability | 123 | |
1694 total
» units
| Peasant | 7 | |
| Footman | 4 | |
| Flying Machine | 3 | |
| Dragonhawk Rider | 8 | |
| Mur'gul Snarecaster | 1 | |
| Knight | 5 | |
| Gryphon Rider | 1 | |
29 total
» upgrades
| Masonry | 1 | |
| Armor | 2 | |
| Swords | 1 | |
| Cloud | 1 | |
| Flak Cannons | 1 | |
| Plating | 1 | |
| Storm Hammers | 1 | |
8 total
» buildings
| Altar of Kings | 1 | |
| Farm | 9 | |
| Barracks | 1 | |
| Lumber Mill | 1 | |
| Keep | 1 | |
| Arcane Vault | 2 | |
| Scout Tower | 3 | |
| Guard Tower | 2 | |
| Blacksmith | 1 | |
| Arcane Tower | 1 | |
| Gryphon Aviary | 2 | |
| Workshop | 1 | |
| Castle | 1 | |
26 total
» build order
00:32 Altar of Kings
00:50 Farm
00:54 Barracks
01:32 Farm
01:57 Lumber Mill
04:30 Keep
05:08 Arcane Vault
05:12 Scout Tower
05:18 Scout Tower
05:22 Farm
05:47 Guard Tower
05:50 Blacksmith
05:54 Arcane Vault
06:02 Farm
06:06 Scout Tower
06:07 Arcane Tower
06:47 Guard Tower
06:52 Gryphon Aviary
06:57 Gryphon Aviary
07:13 Workshop
09:22 Farm
09:24 Farm
10:21 Castle
19:27 Farm
19:28 Farm
25:30 Farm
» items
| Potion of Healing | 4 | |
| Dust of Appearance | 1 | |
| Scroll of Regeneration | 4 | |
| Scroll of Town Portal | 3 | |
12 total
WiLDNinJaMonKey (
red | 70 APM | 3948 actions | 56:37)
5 Demon Hunter
2 Immolation
3 Mana Burn
4 Priestess of the Moon
2 Trueshot Aura
2 Searing Arrows
» actions
| Assign group hotkey | 16 | |
| Basic commands | 21 | |
| Build / train | 131 | |
| Enter build submenu | 21 | |
| Enter hero's abilities submenu | 9 | |
| Remove unit from queue | 1 | |
| Right click | 2893 | |
| Select / deselect | 332 | |
| Select group hotkey | 354 | |
| Use ability | 170 | |
3948 total
» units
| Wisp | 22 | |
| Archer | 29 | |
| Hippogryph | 9 | |
60 total
» upgrades
| Strength of the Moon | 3 | |
| Moon Armor | 3 | |
| Hippogryph Taming | 1 | |
| Improved Bows | 1 | |
| Marksmanship | 2 | |
10 total
» buildings
| Altar of Elders | 1 | |
| Moon Well | 7 | |
| Ancient of War | 2 | |
| Hunter's Hall | 1 | |
| Tree of Ages | 2 | |
| Ancient of Wonders | 1 | |
| Ancient of Wind | 3 | |
| Ancient Protector | 4 | |
| Tree of Eternity | 3 | |
24 total
» build order
00:04 Altar of Elders
00:06 Moon Well
01:19 Moon Well
01:42 Moon Well
02:04 Ancient of War
02:26 Moon Well
02:31 Ancient of War
03:22 Moon Well
03:36 Hunter's Hall
04:04 Tree of Ages
04:05 Tree of Ages
05:26 Moon Well
06:52 Moon Well
07:49 Ancient of Wonders
09:27 Ancient of Wind
09:32 Ancient of Wind
09:36 Ancient of Wind
10:32 Ancient Protector
10:36 Ancient Protector
10:40 Ancient Protector
11:06 Ancient Protector
15:23 Tree of Eternity
Chat log
(00:15 / All) lildrummerboy: IT'S THE MOST... WONDERFUL TIME... OF THE YEAR!
(00:17 / Allies) netsss: kotg potm hippo chim
(00:23 / All) Jewhaus: indeed it is
(00:28 / Allies) netsss: again
(00:34 / All) lildrummerboy: Have a Merry Christmas, God bless Donald J. Trump!
(00:52 / All) Timothy97: chill
(01:06 / All) WiLDNinJaMonKey: MERRY NIGGER XMAS
(01:34 / All) lildrummerboy: God bless Donald J. Trump the 45th president of our great nation
(03:01 / Allies) netsss: howd you do that
(03:34 / Allies) netsss: 2
(07:44 / Allies) Eddieboy: no shop?
(07:49 / Allies) Eddieboy: oh
(08:02 / Allies) netsss: wood?
(08:15 / Allies) netsss: lost a few wisps
(08:25 / Allies) netsss: wood for chimsss
(08:31 / Allies) WiLDNinJaMonKey: tptptptpt
(09:10 / Allies) netsss: lol
(09:13 / Allies) netsss: great tp pink
(09:18 / Allies) lildrummerboy: yeah
(09:19 / Allies) lildrummerboy: uit was
(09:27 / Allies) lildrummerboy: because I was getting reamed by 2 at pur[p
(12:11 / Allies) WiLDNinJaMonKey: need to heal and mount
(13:21 / Allies) netsss: dh
(14:29 / Allies) Eddieboy: b
(15:15 / Allies) netsss: gold?
(15:39 / Allies) netsss: tp
(15:51 / Allies) WiLDNinJaMonKey: NO TP
(16:03 / Allies) netsss: all
(16:45 / Allies) Eddieboy: help
(16:52 / Allies) netsss: dk
(17:22 / All) MakeaclownoutaU: 1 for one lol
(17:47 / Allies) Eddieboy: gold pls
(18:56 / Allies) netsss: dont run
(19:48 / Allies) WiLDNinJaMonKey: i need gold
(20:01 / Allies) WiLDNinJaMonKey: pink give me gold
(20:02 / Allies) netsss: pink got 4k
(20:02 / Allies) WiLDNinJaMonKey: 1k
(20:04 / Allies) WiLDNinJaMonKey: wtf
(20:06 / Allies) WiLDNinJaMonKey: i need gold
(20:09 / Allies) WiLDNinJaMonKey: now
(20:18 / Allies) WiLDNinJaMonKey: pink gold
(20:27 / Allies) Eddieboy: me too
(20:36 / Allies) WiLDNinJaMonKey: gold
(20:38 / Allies) WiLDNinJaMonKey: pink
(20:45 / Allies) netsss: pink noob why you stayin at 50 food
(20:53 / Allies) netsss: mass towers wont win the game
(21:03 / Allies) WiLDNinJaMonKey: gold
(21:04 / Allies) WiLDNinJaMonKey: pink
(21:08 / Allies) WiLDNinJaMonKey: give me gold
(21:09 / Allies) lildrummerboy: Not now, pussy
(21:16 / Allies) WiLDNinJaMonKey: NOW YOU TALKL
(21:19 / Allies) netsss: when
(21:24 / Allies) lildrummerboy: NEver for red
(21:26 / Allies) Eddieboy: meet
(21:31 / Allies) netsss: if you reach 10k?
(21:47 / Allies) Eddieboy: stop
(22:34 / All) lildrummerboy: want help red?
(22:46 / All) lildrummerboy: want help red?
(22:47 / All) lildrummerboy: LOL
(22:50 / All) lildrummerboy: need some assistance?
(24:14 / All) WiLDNinJaMonKey: GG PINK TKER
(24:19 / All) lildrummerboy: lol
(24:22 / All) lildrummerboy: how do you figure that
(24:35 / All) lildrummerboy: you attacked me demanding gold like a common brigand
(25:00 / All) WiLDNinJaMonKey: HE HAS A SHIT LOAD OF TOWERS U NEED SIEGE
(25:49 / All) lildrummerboy: Hey red
(25:51 / All) lildrummerboy: You're on THE LIST
(26:07 / All) WiLDNinJaMonKey: THIS IDIOT THINKS IM ON THE OTHET TEAM LOL
(26:15 / All) lildrummerboy: ?
(26:29 / Allies) Eddieboy: pink lets go
(26:35 / All) lildrummerboy: You're on my TK list. The list is exhausting, and it's a dirty job, but someone's gotta do it
(26:52 / All) WiLDNinJaMonKey: ONCE AGAIN THIS IDIOT THINKS IM ON THE OTHER TEAM
(27:07 / All) MakeaclownoutaU: ?
(27:15 / All) lildrummerboy: What is this idiot blabbering about?
(28:12 / Allies) WiLDNinJaMonKey: TEAL HAS 500 GOLD WHILE THIS PINK ASSHOLE HAS 7K
(28:34 / Allies) WiLDNinJaMonKey: LOL
(28:56 / All) lildrummerboy: LOL
(28:57 / Allies) WiLDNinJaMonKey: LOL
(29:00 / Allies) WiLDNinJaMonKey: LOL
(29:06 / Allies) WiLDNinJaMonKey: YOURE ON THE LIST
(29:07 / All) lildrummerboy: you can leave now, babe
(29:12 / All) lildrummerboy: go fix me a sandwich and gtfo
(29:12 / Allies) WiLDNinJaMonKey: LOL
(29:28 / Allies) WiLDNinJaMonKey: TEAL PLEASE DONT LET PINK WIN FUCK HIM OVER
(29:40 / Allies) Eddieboy: i wanna win
(29:44 / Allies) WiLDNinJaMonKey: THIS GUY HAS 8 K AND WONT EVEN GIVE U GOLD
(30:06 / Allies) Eddieboy: gonna let him do what hes gotta do
(30:20 / Allies) WiLDNinJaMonKey: HES ON THE LIST AND I PLAY A LOT LOL
(30:42 / All) WiLDNinJaMonKey: HEY HE HAS A MINE TOP
(30:53 / All) WiLDNinJaMonKey: HES GOT A MINE BOT MIDDLE NO TOWERS
(30:54 / All) lildrummerboy: I think he knows considering he has vision
(30:56 / All) lildrummerboy: WINK WINK
(30:58 / All) lildrummerboy: NUDGE NUDGE
(31:46 / Allies) WiLDNinJaMonKey: MAYBE IF PINK WOULD HAVE GAVE U GOLD TEAL U COULD HAVE BUILT A FEW TOWERS
(31:56 / Allies) WiLDNinJaMonKey: FUCKING DOESNT EVEN CARE LOL
(32:13 / All) lildrummerboy: THERE
(32:16 / All) lildrummerboy: I shared the gold
(32:18 / All) lildrummerboy: You happy?
(32:25 / All) lildrummerboy: Get offa my back already
(32:36 / All) WiLDNinJaMonKey: LOL BLUE HAS 12K
(32:54 / All) WiLDNinJaMonKey: HE GAVE BLUE ALL GOLD A TRUE TROLL THAT IS ON THE LIST
(33:02 / Allies) WiLDNinJaMonKey: TEAL HOW CAN YOU LET THIS FAGGOT WIN
(33:05 / All) MakeaclownoutaU: how big is your list?
(33:07 / All) MakeaclownoutaU: can you share it?
(33:11 / All) MakeaclownoutaU: so many bsers on battlenet
(33:17 / All) MakeaclownoutaU: I'd love to have a list of people to watch ou for
(33:17 / Allies) WiLDNinJaMonKey: HE DIDNT SAVE YOUR BASE AND HE TROLLED THE GOLD TO BLUE
(33:30 / All) WiLDNinJaMonKey: PINKS ON IT
(33:40 / All) WiLDNinJaMonKey: I PUT ALL BSERS ON MY FRIENDS LIST
(33:52 / All) WiLDNinJaMonKey: I ADD THEM TO THAT IF I SEE THEM THEY GET TKED
(34:02 / All) WiLDNinJaMonKey: THATS ALL THE LIST IS
(34:07 / All) MakeaclownoutaU: share your friend list?
(34:10 / All) MakeaclownoutaU: /f list
(34:18 / All) MakeaclownoutaU: so I know who to look ou for
(34:19 / All) MakeaclownoutaU: out
(34:28 / All) WiLDNinJaMonKey: NAW ITS A SECRET LIST
(34:32 / All) MakeaclownoutaU: why?
(34:34 / All) WiLDNinJaMonKey: ONLY I HAVE ACCSESS TO
(34:37 / All) MakeaclownoutaU: won't you share with a fellow 4v4rter man?
(34:41 / All) MakeaclownoutaU: you can whisper me it
(34:46 / All) MakeaclownoutaU: I won't share with anyone I just want to protect myself
(34:58 / All) MakeaclownoutaU: I have no friends who play this game
(35:02 / All) WiLDNinJaMonKey: GETTOTHECHOPTER IS ONE
(35:10 / All) WiLDNinJaMonKey: IEATYOURSISTER IS ONE
(35:24 / All) MakeaclownoutaU: thanks, any more?
(35:30 / All) WiLDNinJaMonKey: PINK
(35:39 / All) MakeaclownoutaU: I'll make a list too and add all those
(35:44 / All) MakeaclownoutaU: thanks for helping keep bnet a safe space
(35:57 / All) WiLDNinJaMonKey: IF SOMEONE BSES YOU ADD THEM TO YOUR FRIENDS LIST
(36:05 / All) WiLDNinJaMonKey: THATS ALL THE "LIST" IS
(36:13 / All) WiLDNinJaMonKey: MUFFA IS ONE WATCH OUT FOR HIM
(36:53 / All) MakeaclownoutaU: thanks man
(36:56 / All) MakeaclownoutaU: good idea
(36:57 / All) WiLDNinJaMonKey: YEA
(37:05 / All) MakeaclownoutaU: brb need to add sriracha to chili forgot it's cooking
(37:09 / All) WiLDNinJaMonKey: WHEN PEOPLE SAY THE "LIST" THATS ALL THERE DOING
(37:49 / All) lildrummerboy: I write my list down on a piece of paper, I have several of them now. And I stick them on the bulletin board.
(38:21 / All) lildrummerboy: When I take one of my enemies down I cross their name out with my lipstick
(38:33 / All) lildrummerboy: Yeah I'm a guy, it's cool, I'm genderfluid kind of
(38:53 / All) WiLDNinJaMonKey: PINK HAS A LOT OF ACNE HE WAS CRYING ABOUT A ZIT WHEN THE GAME STARTED
(39:12 / All) lildrummerboy: I was talking about the acne on your mom's ass
(39:22 / All) lildrummerboy: It's disgusting, I don't want to look at that when I'm pounding away
(39:24 / All) WiLDNinJaMonKey: DONT LIE FAGGOT YOU KNOW YOURE A LOST
(39:37 / All) WiLDNinJaMonKey: LITTLE BITCH
(39:51 / All) WiLDNinJaMonKey: YOU HAVE NO FRIENDS PINK
(39:56 / All) WiLDNinJaMonKey: AND YOU LOVE BLACK COCK
(41:28 / All) WiLDNinJaMonKey: OJ WHERE U AT
(42:06 / Allies) WiLDNinJaMonKey: PLEASE KILL YOURSELF PINK
(42:13 / Allies) WiLDNinJaMonKey: PLEASE ITS THE ONLY WAY
(42:19 / Allies) WiLDNinJaMonKey: YOU HAVE TO END YOUR LIFEW
(42:24 / Allies) WiLDNinJaMonKey: THANK YOU YES!
(42:28 / Allies) WiLDNinJaMonKey: SEE TEAL
(42:29 / All) lildrummerboy: Odd request, but I guess I can oblige
(42:33 / Allies) WiLDNinJaMonKey: TOLD YOU THIS GUY WAS A FAGGOT
(42:36 / Allies) WiLDNinJaMonKey: LOL AT TEAL
(42:47 / All) MakeaclownoutaU: lawl sti;ll talking
(42:53 / All) lildrummerboy: Teal
(42:56 / All) lildrummerboy: We'll make you a deal
(42:56 / All) WiLDNinJaMonKey: OJ PINK IS TKING YOU WILL WIN THANK GOD
(43:02 / All) lildrummerboy: If you convince red to leave, we'll let you win
(43:08 / All) lildrummerboy: If red stays, then you have to lose too
(43:12 / Allies) WiLDNinJaMonKey: LOL
(43:22 / Allies) WiLDNinJaMonKey: LPOLOLOLOLOLOLOL
(43:25 / Allies) WiLDNinJaMonKey: TOLD U TEAL
(43:32 / All) WiLDNinJaMonKey: YES OJ U GET THE WIN
(43:36 / All) WiLDNinJaMonKey: PINK IS TKING!!!
(43:38 / All) WiLDNinJaMonKey: YES!!!!
(43:40 / All) lildrummerboy: Orange and me are members of the Wild Bunch
(43:51 / All) lildrummerboy: He'll let you take this win, but red has to leave first
(43:55 / All) WiLDNinJaMonKey: YOUR MEMBERS OF THE GAY BUNCH FAGGOT
(44:02 / All) MakeaclownoutaU: the gay bunch?
(44:09 / All) lildrummerboy: Wishful thinking
(44:10 / All) WiLDNinJaMonKey: IM JUST LOLING SO HARD AT TEAL LOL
(44:14 / All) MakeaclownoutaU: I'm going to eat my food is ready, I hope you had as much fun as I did red
(44:23 / All) WiLDNinJaMonKey: PINK IS IN A GROUP CALLED THE GAY BUNCH
(45:11 / All) WiLDNinJaMonKey: YES THIS WAS GREAT
(45:16 / All) WiLDNinJaMonKey: WHAT YOU EATING
(45:59 / All) WiLDNinJaMonKey: TEAL YOURE SO GAY AND YOU DONT EVEN LIKE BOYS
(46:47 / All) WiLDNinJaMonKey: YES ITS ALMOST OVER
(46:52 / All) WiLDNinJaMonKey: OJ U WILL WIN!!!
(46:57 / All) WiLDNinJaMonKey: I FUCKING LOVE IT!
(47:22 / All) WiLDNinJaMonKey: LOL WUT
(47:27 / All) WiLDNinJaMonKey: PINK BEING A FAGGOT
(47:29 / All) WiLDNinJaMonKey: LOL
(47:38 / All) WiLDNinJaMonKey: LOL
(47:46 / All) WiLDNinJaMonKey: PINK HAS TO HAVE THE WIN LIKE A FAGGOT
(47:52 / All) WiLDNinJaMonKey: OH WELL I STILL GET WIN LOL
(48:02 / All) lildrummerboy: You seem confused, friend
(48:09 / All) lildrummerboy: If you stay, our team loses
(48:11 / All) lildrummerboy: Simple as that
(48:21 / Allies) WiLDNinJaMonKey: IM NOT LEAVING FRIEND
(48:24 / All) lildrummerboy: Are you going to take one for the team? Or will you petty and selfish?
(48:25 / Allies) WiLDNinJaMonKey: LOL
(48:48 / Allies) WiLDNinJaMonKey: YOU COUDLNT GET ME TO LEAVE FOR ANYTHING PINK FAGGOT I WILL KEEP MY PC ON ALL NIGGHT LOL
(49:05 / All) lildrummerboy: Teal, you best plead with him to allow you to win
(49:10 / All) lildrummerboy: Only way you can win is if red leaves
(49:15 / Allies) WiLDNinJaMonKey: TEAL HATES YOU TO FAGGOT
(49:19 / Allies) WiLDNinJaMonKey: LO
(49:20 / Allies) WiLDNinJaMonKey: L
(49:24 / Allies) WiLDNinJaMonKey: NO ONE LIKES U PINK
(49:30 / Allies) WiLDNinJaMonKey: YOUR PARENTS HATE U THE MOST
(49:35 / All) lildrummerboy: Be that as it may, if you stay this team loses
(49:44 / Allies) WiLDNinJaMonKey: HURRY UP THEN FAGGOT
(50:15 / All) lildrummerboy: you have until the gold mines drain
(50:21 / Allies) WiLDNinJaMonKey: WELL LATER GUYS GOONG TO SURF FOR PORN
(56:24 / All) lildrummerboy: Well teal, the time has run out. You have failed to convince red to leave, therefore you must also lose.